 Dungeon Crawl Stone Soup version 0.23-b1-86-gba62f8e092 (webtiles) character file.

Game seed: 1268393229115502902

13733 1994 the Transmogrifier (level 11, 0/94 HPs)
             Began as a Purple Draconian Transmuter on Feb 6, 2019.
             Was a High Priest of Makhleb.
             Slain by a minotaur
             ... wielding a +2 morningstar of protection
              (38 damage)
             ... in a Gauntlet on Feb 8, 2019.
             The game lasted 01:47:40 (14399 turns).

1994 the Transmogrifier (DrTm)                     Turns: 14399, Time: 01:47:41

Health: 0/94       AC: 11    Str: 17    XL:     11   Next: 79%
Magic:  14/22      EV: 17    Int: 13    God:    Makhleb [*****.]
Gold:   455        SH:  0    Dex: 15    Spells: 3/25 levels left

rFire    x x .     SeeInvis +     - Unarmed
rCold    + + .     Gourm    .   (shield currently unavailable)
rNeg     . . .     Faith    .   (armour unavailable)
rPois    .         Spirit   .   I - +2 hat
rElec    +         Reflect  .   u - +0 cloak
rCorr    .         Harm     .   (gloves currently unavailable)
MR       +....     NoTele   +   J - +0 pair of boots "Hukuy" {rElec rF- rC+ Str+4}
Stlth    ++........             (no amulet)
HPRegen  0.25/turn              y - ring of ice
MPRegen  0.18/turn              w - ring of see invisible

@: lethally poisoned (0 -> -15), blade hands, very slightly contaminated
A: breathe power, unfitting armour, cold-blooded, AC +7
a: Breathe Dispelling Energy, End Transformation, Minor Destruction, Lesser
Servant of Makhleb, Major Destruction, Greater Servant of Makhleb, Renounce
Religion


You were in a Gauntlet.
You worshipped Makhleb.
Makhleb was extremely pleased with you.
You were not hungry.
You had blades for hands.
You visited 3 branches of the dungeon, and saw 14 of its levels.
You also visited: Sewer, Ossuary and Gauntlet.

You collected 645 gold pieces.
You spent 190 gold pieces at shops.

Inventory:

Missiles
 a - 190 arrows
Armour
 r - a +0 pair of boots
 u - a +0 cloak (worn)
 I - a +2 hat (worn)
 J - the +0 pair of boots "Hukuy" (worn) {rElec rF- rC+ Str+4}
   (You bought it in a shop on level 9 of the Dungeon)

   It affects your strength (+4).
   It makes you vulnerable to fire.
   It protects you from cold.
   It insulates you from electricity.
Jewellery
 w - a ring of see invisible (right scythe-like blade)
 y - a ring of ice (left scythe-like blade)
 F - a +5 ring of strength
 K - an uncursed ring of protection from magic
 M - a cursed ring of attention {unknown}
 O - an uncursed ring of flight
 P - an uncursed ring of stealth {unknown}
Wands
 s - a wand of clouds (4)
 x - a wand of enslavement (8)
 A - a wand of flame (38)
 H - a wand of iceblast (3)
Scrolls
 g - 4 scrolls of enchant armour
 h - 2 scrolls of identify
 k - a scroll of fear
 l - 2 scrolls of amnesia
 p - 4 scrolls of magic mapping
 q - 4 scrolls of teleportation
 t - 2 scrolls of immolation
 v - a scroll of noise
 z - a scroll of holy word {unknown}
 B - 4 scrolls of remove curse
 D - 2 scrolls of enchant weapon
 G - a scroll of random uselessness {unknown}
Potions
 b - a potion of magic
 d - 3 potions of lignification
 e - 2 potions of haste
 f - 6 potions of curing
 i - 5 potions of might
 j - 8 potions of heal wounds
 m - 4 potions of brilliance
 n - 5 potions of agility
 o - 7 potions of flight
 C - a potion of berserk rage
 E - a potion of cancellation
 L - 2 potions of invisibility
Miscellaneous
 N - a lightning rod (4/4)
Comestibles
 c - 26 rations


   Skills:
 + Level 7.8 Fighting
 * Level 8.2 Dodging
 - Level 3.0 Stealth
 * Level 9.3 Unarmed Combat
 + Level 7.9 Spellcasting
 * Level 9.4 Transmutations
 + Level 5.6 Invocations


You had 3 spell levels left.
You knew the following spells:

 Your Spells              Type           Power        Failure   Level  Hunger
a - Beastly Appendage     Tmut           ####..       10%         1    None
b - Sticks to Snakes      Tmut           ####....     11%         2    None
c - Spider Form           Tmut/Pois      ###.......   36%         3    ##.....
d - Ice Form              Ice/Tmut       ####....     63%         4    ####...
e - Blade Hands           Tmut           ####......   41%         5    #####..
f - Dragon Form           Tmut           ####......   99%         7    #######

Your spell library contained the following spells:

 Spells                   Type           Power        Failure   Level  Hunger
 Flame Tongue             Conj/Fire      #....        54%         1    None
 Cause Fear               Hex            #.........   98%         4    ####...
 Bolt of Fire             Conj/Fire      #.........   100%        6    #######
 Dragon's Call            Summ           #.........   100%        9    #######


Dungeon Overview and Level Annotations

Branches:
Dungeon (10/15)            Temple (1/1) D:4            Lair (2/6) D:9
    Orc (0/2) D:10
  Swamp: Lair:2-4    Shoals: Lair:2-4     Snake: Lair:2-4    Spider: Lair:2-4

Altars:
Ashenzari
Cheibriados
Dithmenos
Elyvilon
Fedhas
Gozag
Hepliaklqana
Kikubaaqudgha
Makhleb
Nemelex Xobeh
Okawaru
Qazlal
Ru
Sif Muna
Trog
Uskayaw
Vehumet
Wu Jian
Xom
Yredelemnul
Zin
The Shining One
Beogh

Shops:
D:4 (   D:5 *(   D:9 *[:   D:10 (

Annotations:
D:8 2 transporters Gauntlet 8 transporters


Innate Abilities, Weirdness & Mutations

You can breathe bolts of dispelling energy.
Your rich purple scales are hard. (AC +7)
You cannot fit into any form of body armour.
You are cold-blooded and may be slowed by cold attacks.


Message History

You feel sick.
The minotaur throws a poisoned javelin.
The poisoned javelin hits you!!
You are more poisoned.
You see here a poisoned javelin.
You feel sick.
Casting: Blade Hands (very dangerous; 41% risk of failure)
Confirm with . or Enter, or press ? or * to list all spells.
You create 2 snakes!
You now have 192 arrows.
You feel sick.
The minotaur hits you with a +2 morningstar of protection.
The minotaur barely misses you.
Casting: Sticks to Snakes (safe; 11% risk of failure)
Confirm with . or Enter, or press ? or * to list all spells.
You create 2 snakes!
You now have 190 arrows.
You feel sick.
The minotaur blocks your adder's attack.
Unknown command.
The minotaur blocks your attack.
You flicker back into view.
You feel sick.
The minotaur hits you with a +2 morningstar of protection!!!
You die...

#...[a?}..#...#########...#b.![©.
###########...............#######
............8.....8.....8........
....=8.........................8.
......§.....#≈#########≈#........
≈#≈#≈#§#≈#≈####.......####≈#≈#≈#≈
##############.S8.8.8..##########
##..S©.©.©...# #..SH@(S......#
#.#.#######.#.# #.#. .#.#


You could see a minotaur, 2 friendly adders and 2 friendly ball pythons.

Vanquished Creatures
  A two-headed ogre (D:3)
  Nergalle (Lair:1)
  Pikel (D:5)
  An elephant (D:9)
  An oklob plant (Lair:1)
  A troll (D:5)
  A hornet (D:10)
  Prince Ribbit (D:5)
  2 hippogriffs
  A wyvern (Lair:2)
  24 yaks
  A basilisk (D:9)
  Grum (D:8)
  A hungry ghost (D:8)
  4 water moccasins
  3 porcupines
  9 orc warriors
  2 sky beasts
  A black bear (D:10)
  4 slaves (D:5)
  2 ice beasts
  7 wolves
  An eye of draining (D:9)
  A necrophage (D:10)
  2 centaurs
  2 crocodiles
  6 big kobolds
  5 bullfrogs
  A water moccasin zombie (D:8)
  2 wyvern skeletons (D:6)
  5 scorpions
  5 killer bees (D:9)
  4 crimson imps
  5 hounds
  3 jellies
  7 orc wizards
  5 orc priests
  5 bullfrog skeletons
  An iguana (D:5)
  7 worker ants
  A hound zombie (D:10)
  A hound skeleton (D:4)
  14 mummies (Ossuary)
  A worker ant zombie (D:7)
  6 gnolls (D:5)
  10 adders
  3 shadow imps
  An adder zombie (D:6)
  2 adder skeletons (D:4)
  4 worms
  3 dart slugs
  8 leopard geckos
  49 orcs
  16 bats
  16 giant cockroaches
  2 goblins
  4 hobgoblins
  11 jackals
  25 kobolds
  3 quokkas
  3 ball pythons
  8 frilled lizards
  2 gnoll skeletons (Ossuary)
  3 goblin skeletons (Ossuary)
  2 kobold skeletons (Ossuary)
  A leopard gecko skeleton (D:5)
  An orc skeleton (Ossuary)
  A quokka skeleton (D:5)
  11 rats
  11 rat skeletons (Ossuary)
  A plant (D:1)
361 creatures vanquished.

Vanquished Creatures (collateral kills)
  A death yak (D:9)
1 creature vanquished.

Vanquished Creatures (others)
  2 fungi (Lair:2)
  A plant (Lair:1)
3 creatures vanquished.

Grand Total: 365 creatures vanquished

Notes
Turn   | Place    | Note
-------+----------+-------------------------------------------
     0 | D:1      | 1994 the Draconian Transmuter began the quest for the Orb.
     0 | D:1      | Reached XP level 1. HP: 16/16 MP: 3/3
    87 | D:1      | Reached XP level 2. HP: 22/23 MP: 3/5
   120 | D:1      | Learned a level 2 spell: Sticks to Snakes
   399 | D:1      | Reached XP level 3. HP: 23/29 MP: 4/6
   709 | D:1      | Learned a level 3 spell: Spider Form
  1221 | D:2      | Found an ancient bone altar of Kikubaaqudgha.
  1222 | D:2      | Found a blossoming altar of Fedhas.
  1467 | D:2      | Reached skill level 1 in Stealth
  1865 | D:2      | Reached XP level 4. HP: 36/36 MP: 5/7
  2173 | D:3      | Reached XP level 5. HP: 40/42 MP: 5/8
  2184 | D:3      | Found a glowing drain.
  2360 | Sewer    | Entered a sewer
  2491 | Sewer    | Reached XP level 6. HP: 41/50 MP: 6/10
  2943 | D:3      | Noticed a two-headed ogre
  3026 | D:3      | Killed a two-headed ogre
  3026 | D:3      | Reached skill level 5 in Unarmed Combat
  3026 | D:3      | Your scales start taking on a rich purple colour.
  3026 | D:3      | Reached skill level 5 in Spellcasting
  3026 | D:3      | Reached XP level 7. HP: 14/58 MP: 7/14
  3026 | D:3      | Reached XP level 8. HP: 16/66 MP: 7/15
  3334 | D:3      | Found an ornate altar of the Wu Jian Council.
  3822 | D:4      | Found Liuts's Antique Weapon Emporium.
  3988 | D:4      | Found a staircase to the Ecumenical Temple.
  4009 | Temple   | Entered the Ecumenical Temple
  4242 | Temple   | Became a worshipper of Makhleb the Destroyer
  4508 | D:5      | Entered Level 5 of the Dungeon
  4516 | D:5      | Learned a level 4 spell: Ice Form
  4527 | D:5      | Learned a level 5 spell: Blade Hands
  4589 | D:5      | Noticed Pikel
  4629 | D:5      | Killed Pikel
  4629 | D:5      | Reached skill level 5 in Transmutations
  4629 | D:5      | Reached skill level 1 in Invocations
  5079 | D:5      | Found a white marble altar of Elyvilon.
  5132 | D:5      | Noticed a troll
  5142 | D:5      | Killed a troll
  5265 | D:5      | Noticed Prince Ribbit
  5283 | D:5      | Killed Prince Ribbit
  5283 | D:5      | Reached skill level 5 in Fighting
  5283 | D:5      | Reached skill level 5 in Dodging
  5283 | D:5      | Reached XP level 9. HP: 29/74 MP: 15/17
  5305 | D:5      | Reached * piety under Makhleb
  5569 | D:5      | Found Quklinab's Weapon Emporium.
  5603 | D:5      | Found Xasisch's General Store.
  6027 | D:6      | Found a deep blue altar of Sif Muna.
  6107 | D:6      | Found a hide-covered altar of Uskayaw.
  6165 | D:6      | Found a shattered altar of Ashenzari.
  6451 | D:6      | Found a shimmering altar of Xom.
  6984 | D:7      | Found a sand-covered staircase.
  7140 | Ossuary  | Entered an ossuary
  7301 | Ossuary  | Reached ** piety under Makhleb
  8417 | D:7      | Upgraded the game from 0.23-b1-67-g8bd44de8e4 to
                  | 0.23-b1-75-g379dba2534
  8522 | D:7      | Found a hazy altar of Hepliaklqana.
  8715 | D:8      | Found a transporter.
  8718 | D:8      | Noticed a manticore
  8722 | D:8      | Noticed an unseen horror
  8740 | D:8      | Found a transporter.
  9105 | D:8      | Noticed Grum
  9119 | D:7      | Reached XP level 10. HP: 82/83 MP: 16/19
  9265 | D:8      | Killed Grum
  9491 | D:8      | Reached *** piety under Makhleb
  9809 | D:8      | Identified the +3 leather armour of the Thinker {Int+5
                  | Dex+6 Slay-5}
  9829 | D:8      | Found a glowing silver altar of Zin.
  9977 | D:8      | Found a roughly hewn altar of Beogh.
 10240 | D:9      | Learned a level 7 spell: Dragon Form
 10253 | D:9      | Found Karufada's Book Emporium.
 10308 | D:9      | Found Paohetiu's Antique Armour Shop.
 10313 | D:9      | Bought a pair of dazzling boots for 190 gold pieces
 10318 | D:9      | Identified the cursed +0 pair of boots "Hukuy" {rElec rF-
                  | rC+ Str+4} (You bought it in a shop on level 9 of the
                  | Dungeon)
 10346 | D:9      | Found a staircase to the Lair.
 10346 | D:9      | Noticed a death yak
 10346 | D:9      | Noticed an elephant
 10383 | D:9      | Killed a death yak
 10640 | D:9      | Killed an elephant
 10749 | D:9      | Found Ohacihim's Assorted Antiques.
 10759 | D:9      | Found a bloodstained altar of Trog.
 11022 | D:9      | Reached **** piety under Makhleb
 11265 | D:10     | Entered Level 10 of the Dungeon
 11306 | D:10     | Found Wukky's Antique Weapon Shoppe.
 11331 | D:10     | Reached XP level 11. HP: 51/92 MP: 21/21
 11671 | D:10     | Found a staircase to the Orcish Mines.
 11900 | D:10     | Reached skill level 5 in Invocations
 12491 | Lair:1   | Entered Level 1 of the Lair of Beasts
 12595 | Lair:1   | Noticed Nergalle
 12623 | Lair:1   | Killed Nergalle
 13100 | Lair:1   | Noticed an oklob plant
 13109 | Lair:1   | Killed an oklob plant
 13109 | Lair:1   | Reached ***** piety under Makhleb
 13765 | Lair:2   | You fall through a shaft for 2 floors!
 13765 | Lair:4   | Found a gate leading to a gauntlet.
 13787 | Gauntlet | Entered a Gauntlet
 13787 | Gauntlet | Found a transporter.
 13790 | Gauntlet | Found a transporter.
 13791 | Gauntlet | Noticed a white ugly thing
 13792 | Gauntlet | Noticed a glowing orange brain
 13796 | Gauntlet | Noticed a brown ugly thing
 13934 | Gauntlet | Found a transporter.
 13938 | Gauntlet | Found a transporter.
 13948 | Gauntlet | Noticed a fire crab
 13954 | Gauntlet | Found a transporter.
 13968 | Gauntlet | Found a transporter.
 13981 | Gauntlet | Found a transporter.
 13981 | Gauntlet | Noticed an entropy weaver
 13982 | Gauntlet | Noticed a wolf spider
 13998 | Gauntlet | Found a transporter.
 14002 | Gauntlet | Found a transporter.
 14003 | Gauntlet | Noticed a dire elephant
 14011 | Gauntlet | Found a transporter.
 14032 | Gauntlet | Found a transporter.
 14032 | Gauntlet | Found a transporter.
 14054 | Gauntlet | Noticed a death ooze
 14082 | Gauntlet | Noticed a harpy
 14082 | Gauntlet | a hippogriff changed into a harpy
 14085 | Gauntlet | a harpy changed into a tarantella
 14112 | Gauntlet | Noticed a lindwurm
 14114 | Gauntlet | Noticed a glowing orange brain
 14114 | Gauntlet | a lindwurm changed into a glowing orange brain
 14118 | Gauntlet | Noticed a death drake
 14118 | Gauntlet | a glowing orange brain changed into a death drake
 14119 | Gauntlet | Noticed a fire crab
 14119 | Gauntlet | a death drake changed into a fire crab
 14125 | Gauntlet | a fire crab changed into a komodo dragon
 14138 | Gauntlet | Upgraded the game from 0.23-b1-75-g379dba2534 to
                  | 0.23-b1-86-gba62f8e092
 14146 | Gauntlet | Noticed a mana viper
 14146 | Gauntlet | a wind drake changed into a mana viper
 14150 | Gauntlet | Noticed a deep troll
 14150 | Gauntlet | a dream sheep changed into a deep troll
 14152 | Gauntlet | Noticed a death drake
 14152 | Gauntlet | a deep troll changed into a death drake
 14153 | Gauntlet | Noticed a swamp dragon
 14153 | Gauntlet | a death drake changed into a swamp dragon
 14155 | Gauntlet | a swamp dragon changed into a jumping spider
 14174 | Gauntlet | Noticed an orb spider
 14182 | Gauntlet | Noticed a harpy
 14182 | Gauntlet | a spiny frog changed into a harpy
 14183 | Gauntlet | a harpy changed into something unseen
 14189 | Gauntlet | an orb spider changed into a hornet
 14229 | Gauntlet | Noticed a fire crab
 14229 | Gauntlet | a raiju changed into a fire crab
 14241 | Gauntlet | Noticed an alligator
 14346 | Gauntlet | Noticed a catoblepas
 14357 | Gauntlet | Noticed a shining eye
 14357 | Gauntlet | a torpor snail changed into a shining eye
 14358 | Gauntlet | Noticed a death yak
 14358 | Gauntlet | a catoblepas changed into a death yak
 14364 | Gauntlet | Noticed an entropy weaver
 14367 | Gauntlet | Noticed a spark wasp
 14378 | Gauntlet | Noticed a sea snake
 14379 | Gauntlet | Noticed a satyr
 14379 | Gauntlet | a spark wasp changed into a satyr
 14393 | Gauntlet | Identified the +0 shield of Juischaywk {rC+ Slay+2}
 14393 | Gauntlet | Noticed a minotaur
 14399 | Gauntlet | Slain by a minotaur

Skill      XL: |  1  2  3  4  5  6  7  8  9 10 11 |
---------------+----------------------------------+-----
Dodging        | 2 4 5 6 7 8 |  8.2
Stealth        | 1 2 3 |  3.0
Fighting       | 2 3 5 6 7 |  7.8
Spellcasting   | 3 5 6 7 |  7.9
Transmutations | 3 4 5 6 8 9 |  9.4
Unarmed Combat | 5 6 7 8 9 |  9.3
Invocations    | 2 3 4 5 |  5.6

Action                   |  1- 3 |  4- 6 |  7- 9 | 10-12 || total
-------------------------+-------+-------+-------+-------++-------
Melee: Unarmed           |   179 |   176 |   498 |   541 ||  1394
       Tailslap          |    24 |    12 |    44 |    41 ||   121
       Headbutt          |    15 |    10 |    22 |    55 ||   102
       Kick              |     7 |     7 |    52 |     5 ||    71
       Punch             |     2 |     2 |     9 |    13 ||    26
 Cast: Beastly Appendage |    20 |    15 |    54 |    34 ||   123
       Spider Form       |       |     5 |    12 |    17 ||    34
       Sticks to Snakes  |       |       |     1 |     3 ||     4
       Blade Hands       |       |       |       |     4 ||     4
Invok: Minor Destruction |       |       |    22 |    57 ||    79
       Lesser Servant of |       |       |       |     1 ||     1
 Abil: Breathe Dispellin |       |       |     6 |     3 ||     9
       End Transformatio |       |       |     1 |     2 ||     3
  Use: Scroll            |     7 |     3 |     9 |     6 ||    25
       Potion            |       |       |       |     2 ||     2
 Stab: Sleeping          |     5 |     2 |    16 |     2 ||    25
       Distracted        |       |       |     1 |       ||     1
       Invisible         |       |       |       |     1 ||     1
  Eat: Chunk             |     4 |     4 |    19 |    17 ||    44
       Ration            |       |       |     1 |     1 ||     2
Armor: Skin              |    28 |    65 |    93 |    60 ||   246
Dodge: Dodged            |    74 |   151 |   310 |   415 ||   950
